 Dungeon Crawl Stone Soup version 0.20.1-1-g8b1a95d (webtiles) character file.

231 vineage the Chopper (level 5, 0/39 HPs)
             Began as a Demonspawn Gladiator on Aug 22, 2017.
             Was an Initiate of Okawaru.
             Slain by a phantom (4 damage)
             ... on level 3 of the Dungeon.
             The game lasted 00:05:49 (3040 turns).

vineage the Chopper (Demonspawn Gladiator)          Turns: 3040, Time: 00:05:50

Health: 0/39       AC:  7    Str: 15    XL:     5   Next: 73%
Magic:  5/5        EV: 13    Int: 10    God:    Okawaru [......]
Gold:   186        SH:  0    Dex: 14    Spells: 4/4 levels left

rFire    . . .     SeeInvis .   n - +1 short sword (vamp)
rCold    . . .     Gourm    .   (no shield)
rNeg     . . .     Faith    .   b - +0 leather armour
rPois    .         Spirit   .   c - +0 helmet
rElec    .         Reflect  .   v - +0 cloak
rCorr    .         Harm     .   (no gloves)
MR       .....                  (no boots)
Stlth    ++........             (no amulet)
Regen    0.2/turn               (no ring)
MPRegen  0.1/turn               (no ring)

@: about to teleport, flying, very slightly contaminated
A: molten scales 1, powered by death 2
a: Renounce Religion


You were on level 3 of the Dungeon.
You worshipped Okawaru.
Okawaru was noncommittal.
You were not hungry.

You visited 1 branch of the dungeon, and saw 4 of its levels.

You collected 186 gold pieces.

Inventory:

Hand Weapons
 a - a +0 war axe
 n - a +1 vampiric short sword (weapon)
Missiles
 d - 3 throwing nets (quivered)
Armour
 b - a +0 leather armour (worn)
 c - a +0 helmet (worn)
 v - a +0 cloak (worn)
Wands
 p - a wand of polymorph (11/24)
Scrolls
 f - a scroll of fear {unknown}
 g - a scroll of amnesia {unknown}
 h - a scroll of fog {unknown}
 i - a scroll of immolation {unknown}
 j - a scroll of enchant weapon {unknown}
 l - a scroll of teleportation
 m - 2 scrolls of blinking {unknown}
 r - 3 scrolls of identify
 s - a scroll of recharging {unknown}
 u - a scroll of enchant armour {unknown}
Potions
 e - a potion of magic
Comestibles
 k - a royal jelly
 o - 2 meat rations


   Skills:
 + Level 2.6 Fighting
 + Level 2.4 Short Blades
 + Level 3.3 Axes
 + Level 2.0 Throwing
 + Level 2.1 Armour
 + Level 3.3 Dodging
 + Level 1.3 Stealth


You had 4 spell levels left.
You didn't know any spells.

Dungeon Overview and Level Annotations

Branches:
Dungeon (4/15)
 Temple: D:4-7

Altars:
Okawaru


Innate Abilities, Weirdness & Mutations

You are partially covered in molten scales. (AC +2)
You regenerate health from kills.


Message History

The phantom hits you.
* * * LOW HITPOINT WARNING * * *
You flicker for a moment.
There is a stone staircase leading up here.
The phantom barely misses you.
You fly upwards.
There is a stone staircase leading down here.
There is an open door here.
You flicker back into view.
The phantom misses you.
Okay, then.
As you read the scroll labeled KEITEE POST, it crumbles to dust.
It is a scroll of identify.
l - 2 scrolls of teleportation The phantom blinks!
As you read the scroll of teleportation, it crumbles to dust.
You feel strangely unstable.
Okay, then.
The phantom hits you.
You die...

#.# #)# #.# #.########### #.#
#...........# #.# ###########.#
#.#########....#.#
#.........#....#.#########
..........'....'>........#
..........#....#.W.#####.##
##........#....#@....#....#
#........#....#.#...#.#..#
###.......##.........#.#..#
.......#####.#..)....#.#..#
###....# #.#8.....8#.#..######
#...#..#####.#.))....#.#.....).#
....#........#8.....8#.#.##.##.#
....#.########.......#.#.##.##.##
.##......# #8.....8#.#.#####.##


You could see a phantom.

Vanquished Creatures
  Ijyb (D:3)
  Natasha (thrice) (D:3)
  6 adders
  An ooze (D:3)
  A worm (D:3)
  2 dart slugs
  2 leopard geckos (D:3)
  6 bats
  3 giant cockroaches
  11 hobgoblins
  9 kobolds
  4 frilled lizards
  13 goblins
  4 rats
66 creatures vanquished.

Notes
Turn   | Place    | Note
-------+----------+-------------------------------------------
     0 | D:1      | vineage the Demonspawn Gladiator began the quest for the Orb.
     0 | D:1      | Reached XP level 1. HP: 16/16 MP: 1/1
   389 | D:1      | Gained mutation: You regenerate a little health from kills. [demonic ancestry]
   389 | D:1      | Reached XP level 2. HP: 22/22 MP: 2/2
  1250 | D:2      | Found an iron altar of Okawaru.
  1268 | D:2      | Gained mutation: You regenerate health from kills. [demonic ancestry]
  1268 | D:2      | Reached XP level 3. HP: 18/27 MP: 3/3
  1504 | D:2      | Became a worshipper of Warmaster Okawaru
  1562 | D:2      | Reached skill level 1 in Armour
  1668 | D:2      | Gained mutation: You are partially covered in molten scales. (AC +2) [demonic ancestry]
  1668 | D:2      | Reached XP level 4. HP: 33/33 MP: 4/4
  1794 | D:2      | Reached skill level 1 in Short Blades
  1957 | D:3      | Noticed Natasha
  1981 | D:3      | Killed Natasha
  2162 | D:3      | Noticed Natasha
  2167 | D:3      | Killed Natasha
  2167 | D:3      | Reached skill level 1 in Stealth
  2167 | D:3      | Reached XP level 5. HP: 22/39 MP: 5/5
  2245 | D:3      | Noticed Ijyb
  2269 | D:3      | Killed Ijyb
  2347 | D:3      | Noticed Natasha
  2358 | D:3      | Killed Natasha
  2983 | D:4      | Noticed a phantom
  3007 | D:4      | HP: 1/39 [phantom (7)]
  3017 | D:4      | HP: 1/39 [phantom (2)]
  3040 | D:3      | Slain by a phantom

Skill      XL: |  1  2  3  4  5 |
---------------+----------------+-----
Axes           | 3 |  3.3
Throwing       | 2 |  2.0
Armour         | 1 2 |  2.1
Short Blades   | 1 2 |  2.4
Dodging        | 3 |  3.3
Stealth        | 1 |  1.3
Fighting       | |  2.6

Action                   |  1- 3 |  4- 6 || total
-------------------------+-------+-------++-------
Melee: War axe           |    58 |       ||    58
       Short sword       |    69 |   183 ||   252
  Use: Potion            |     1 |     5 ||     6
       Scroll            |       |     2 ||     2
 Stab: Sleeping          |     1 |     3 ||     4
  Eat: Chunk             |     2 |     5 ||     7
       Bread ration      |     1 |       ||     1
Armor: Leather armour    |    44 |    51 ||    95
Dodge: Dodged            |   107 |   122 ||   229
